 Dungeon Crawl Stone Soup version 0.19-a0-1899-g2d93087 (webtiles) character file.

699639 wazuzu the Heavyweight Champion (level 27, -2/271 HPs)
             Began as a Troll Monk on Oct 18, 2016.
             Was the Champion of Ru.
             Killed by a guardian mummy's death curse (32 damage)
             ... on level 1 of the Tomb of the Ancients on Oct 20, 2016.
             The game lasted 05:49:39 (71673 turns).

wazuzu the Heavyweight Champion (Troll Monk)       Turns: 71673, Time: 05:49:40

Health: -2/271     AC: 36    Str: 33    XL:     27
Magic:  22/22      EV: 14    Int:  6    God:    Ru [******]
Gold:   7298       SH: 19    Dex: 26    Spells: 0 memorised, 26 levels left

rFire  + + .     SeeInvis .       - Unarmed
rCold  + + +     Gourm    +     W - +6 gold dragon scales
rNeg   + + +     Faith    .     j - +0 shield "Rapux" {rF+ Regen+ Str+3}
rPois  +         Spirit   .     O - +0 hat
rElec  .         Reflect  +     d - +2 cloak of Music {rPois rC++ rN+}
rCorr  .         Harm     .     (gloves unavailable)
MR     .....                    (boots unavailable)
Stlth  ..........               T - amulet of Nihalana {Reflect rPois MR- Dex+8 SH+5}
                                G - ring of Kindness {+Inv rC+ rN+ Stlth+}
                                R - ring "Mutumol" {Wiz rPois rC+ rN+}

@: very slightly contaminated, hasted and slowed, studying Stealth, drained
A: unfitting armour, claws 3, deterioration 2, fast metabolism 3, frail 1,
gourmand, regeneration 1, shaggy fur 2, tough skin 2, no device heal 1,
inability to use devices, no ice magic, no necromancy magic, no translocations
magic, reduced EV 1, magic vulnerability 1
a: Draw Out Power, Power Leap, Apocalypse, Renounce Religion
}: 4/15 runes: decaying, slimy, silver, gossamer


You were on level 1 of the Tomb of the Ancients.
You worshipped Ru.
Ru was exalted by your worship.
You were not hungry.

You visited 14 branches of the dungeon, and saw 59 of its levels.
You visited the Abyss 1 time.
You visited 1 bazaar.
You also visited: Labyrinth, Trove, Sewer, Ossuary, Ice Cave and Wizlab.

You collected 8904 gold pieces.
You spent 1606 gold pieces at shops.

Inventory:

Missiles
 E - 93 large rocks (quivered)
Armour
 d - the +2 cloak of Music (worn) {rPois rC++ rN+}
   (You found it in a wizard's laboratory)

   It greatly protects you from cold.
   It protects you from poison.
   It protects you from negative energy.
 j - the +0 shield "Rapux" (worn) {rF+ Regen+ Str+3}
   (You found it on level 5 of the Depths)

   It affects your strength (+3).
   It protects you from fire.
   It increases your rate of regeneration.
 O - a +0 hat (worn)
 W - +6 gold dragon scales (worn)
Jewellery
 s - an uncursed amulet of regeneration
 F - the ring of Watyhesm {rCorr rPois MR+++ Int-5 Dex-3}
   (You took it off a deep elf demonologist on level 3 of the Elven Halls)

   [ring of resist corrosion]

   It affects your intelligence (-5).
   It affects your dexterity (-3).
   It protects you from poison.
   It affects your resistance to hostile enchantments.
 G - the ring of Kindness (right claw) {+Inv rC+ rN+ Stlth+}
   (You found it on level 5 of the Pits of Slime)

   [ring of protection from cold]

   It protects you from cold.
   It protects you from negative energy.
   It lets you turn invisible.
   It makes you more stealthy.
 I - the ring of Zin's Righteous Anger {rF+ MP+9}
   (You found it on level 9 of the Dungeon)

   [ring of magical power]

   It protects you from fire.
   It affects your magic capacity (+9).
 J - the ring "Qeqiavuciwk" {rPois rC+ Dex+5 Stlth-}
   (You found it in an ice cave)

   [ring of loudness]

   It affects your dexterity (+5).
   It protects you from cold.
   It protects you from poison.
   It makes you less stealthy.
 M - the ring of Pyromania {rCorr rElec rC+}
   (You took it off a yaktaur captain on level 5 of the Vaults)

   [ring of resist corrosion]

   It protects you from cold.
   It insulates you from electricity.
 P - the ring of Faoc Qio {rF+ Int+4 Dex+3}
   (You found it on level 2 of the Realm of Zot)

   [ring of protection from fire]

   It affects your intelligence (+4).
   It affects your dexterity (+3).
   It protects you from fire.
 R - the ring "Mutumol" (left claw) {Wiz rPois rC+ rN+}
   (You found it in a treasure trove)

   [ring of wizardry]

   It improves your spell success rate.
   It protects you from cold.
   It protects you from poison.
   It protects you from negative energy.
 T - the amulet of Nihalana (around neck) {Reflect rPois MR- Dex+8 SH+5}
   (You took it off a spriggan defender on level 3 of the Depths)

   [amulet of reflection]

   It shields you and reflects attacks.
   It affects your dexterity (+8).
   It protects you from poison.
   It affects your resistance to hostile enchantments.
   It affects your SH (+5).
 V - the ring "Sodieshro" {*Tele rC++ Str+4}
   (You took it off a deep elf death mage on level 3 of the Depths)

   [ring of teleportation]

   It may teleport you next to monsters.
   It affects your strength (+4).
   It greatly protects you from cold.
Scrolls
 c - 27 scrolls of remove curse
 e - 6 scrolls of blinking
 f - 5 scrolls of amnesia
 l - 18 scrolls of identify
 o - 9 scrolls of fog
 q - 10 scrolls of fear
 v - 6 scrolls of magic mapping
 x - 17 scrolls of teleportation
 y - a scroll of holy word
 D - 4 scrolls of silence
 S - a scroll of enchant armour
 U - 7 scrolls of summoning
Potions
 a - 16 potions of flight
 k - 5 potions of invisibility
 m - 6 potions of ambrosia
 n - 26 potions of curing
 r - 5 potions of cure mutation
 u - 2 potions of brilliance
 w - 7 potions of haste
 A - 2 potions of berserk rage
 B - 3 potions of resistance
 C - 2 potions of magic
 H - 4 potions of agility
 K - 6 potions of heal wounds
 Q - a potion of might
Books
 L - a manual of Stealth
Comestibles
 b - 26 bread rations
 h - 4 slices of pizza
 i - 13 royal jellies
 t - 32 meat rations
 z - 17 beef jerkies
 N - 44 fruits


   Skills:
 + Level 22.8(22.4) Fighting
 - Level 10.0(9.7) Throwing
 - Level 19.0(18.6) Armour
 - Level 16.1(15.8) Dodging
 - Level 1.0(0.8) Stealth
 - Level 10.7(10.4) Shields
 O Level 27(26.6) Unarmed Combat


You had 26 spell levels left.
You didn't know any spells.

Dungeon Overview and Level Annotations

Branches:
Dungeon (15/15)            Temple (1/1) D:5            Lair (6/6) D:10
  Swamp (4/4) Lair:3       Spider (4/4) Lair:2        Slime (5/5) Lair:6
    Orc (2/2) D:9             Elf (3/3) Orc:2        Vaults (5/5) D:14
  Crypt (3/3) Vaults:2       Tomb (1/3) Crypt:3      Depths (5/5) D:15
   Hell (1/1)                 Dis (0/7) Hell            Geh (0/7) Hell
    Coc (0/7) Hell            Tar (0/7) Hell            Zot (4/5) Depths:5

Altars:
Ashenzari
Cheibriados
Dithmenos
Elyvilon
Fedhas
Gozag
Hepliaklqana
Kikubaaqudgha
Makhleb
Nemelex Xobeh
Okawaru
Qazlal
Ru
Sif Muna
Trog
Uskayaw
Vehumet
Xom
Yredelemnul
Zin
The Shining One
Beogh
Jiyva

Shops:
D:7 *   D:8 [   Orc:1 (   Orc:2 (??}   Elf:1 :   Vaults:2 =   Vaults:3 (%%*
Vaults:5 %   Depths:5 [

Portals:
Hell: Depths:1 Depths:2 Depths:3 Depths:4 Depths:5
Abyss: Depths:4
Pandemonium: Depths:3
Ziggurat: Depths:2


Innate Abilities, Weirdness & Mutations

You are too large for most types of armour.
You have claws for hands.
Your metabolism is lightning-fast.
You like to eat raw meat.
Your natural rate of healing is unusually fast.
You are covered in thick fur. (AC +2)
You have very tough skin. (AC +2)
Potions and wands are less effective at restoring your health.
You cannot study or use magical devices.
You cannot study or cast Ice magic.
You cannot study or cast Necromancy magic.
You cannot study or cast Translocations magic.
You have somewhat slow reflexes. (EV -3)
You are slightly vulnerable to magic. (MR-)
Your body often deteriorates upon taking damage.
You are frail. (-10% HP)


Message History

You feel very sick.
You block the freezing wraith's attack. x2; The lich completely misses you.
An ushabti comes into view.
Your system partially rejects the healing.
You feel better.
You redirect the lich's attack!
The lich touches itself but does no damage.
The freezing wraith is stunned by your will and fails to attack.
You block the guardian mummy's attack.
The ushabti shakes and rattles deafeningly!
The ushabti shakes and rattles.
The vile air hits the ushabti. x2
You redirect the lich's attack!
The lich barely misses you.
You reveal the great annihilating truth to your foes!
The lich loses its magic into the devouring truth!
You destroy the freezing wraith!
You destroy the guardian mummy!
You feel extremely nervous for a moment...
You convulse helplessly as pain tears through your body!
You die...

......# .. ......# ...
......# .8...
......##################.....
.......................8.....
...................M/8§..8...
...................8§†.......
..................§..........
................@L...........
............(..W..........⌠.⌠
.............................
.............................
....................
.....[............
..................
..................
#################


You could see a greater mummy, a lich, 3 ushabtiu and a wraith.

Vanquished Creatures
  the Royal Jelly (Slime:5)
  2 orbs of fire (Zot:3)
  Mara (Vaults:4)
  A juggernaut (Depths:3)
  The ghost of psellion the Slayer, a legendary FoHu of Qazlal (Depths:5)
  An ancient lich (Crypt:3)
  Bai Suzhen (Depths:2)
  Xtahua (Crypt:3)
  Geryon (Hell)
  Frederick (Depths:3)
  9 golden dragons
  3 curse toes
  A profane servitor (Abyss:4)
  2 bone dragons
  Jorgrun (Swamp:4)
  2 electric golems (Zot:1)
  A hellephant (Abyss:1)
  7 liches
  16 tentacled monstrosities
  Rupert (Lair:6)
  Asterion (Elf:3)
  6 titans
  4 quicksilver dragons
  20 acid blobs
  2 deep elf master archers (Elf:3)
  2 death cobs
  The ghost of Sagittaire the Spry, an adept HaWr of Cheibriados (Elf:2)
  2 deep elf blademasters
  7 sphinxes
  Gastronok (Lair:1)
  3 ancient champions
  An eldritch tentacle (WizLab)
  Kirke (D:14)
  A thorn hunter (Swamp:3)
  8 tengu reavers
  9 tentacled starspawn
  18 shadow dragons
  2 revenants
  Donald (Orc:2)
  15 storm dragons
  3 draconian monks
  14 vault wardens
  2 draconian knights
  20 frost giants
  Louise (Spider:1)
  8 ghost moths
  5 iron dragons
  7 deep elf sorcerers
  8 azure jellies
  A balrug (Hell)
  An orc warlord (Vaults:4)
  A caustic shrike zombie (Depths:1)
  5 draconian shifters
  17 fire giants
  Aizul (Swamp:3)
  A juggernaut zombie (Depths:1)
  5 deep elf elementalists
  4 draconian scorchers
  2 draconian zealots
  7 emperor scorpions
  16 ironheart preservers
  10 very ugly things
  7 ghouls
  2 reapers
  3 spriggan defenders
  3 cacodemons
  8 war gargoyles
  3 draconian annihilators (Zot:3)
  7 deep elf demonologists
  10 vampire knights
  20 stone giants
  4 draconian callers
  A juggernaut skeleton (Depths:3)
  5 entropy weavers
  2 lorocyprocas
  4 green draconians
  16 deep elf annihilators
  5 red draconians
  11 purple draconians
  6 black draconians
  2 yellow draconians (Zot:3)
  6 mottled draconians
  17 spark wasps
  12 ettins
  9 white draconians
  2 death oozes (Slime:5)
  4 eidola
  A minotaur (Lab)
  13 deep elf death magi
  A mummy priest (Tomb:1)
  14 small abominations
  14 great orbs of eyes
  Snorg (D:13)
  2 blizzard demons (Hell)
  3 crystal guardians (Crypt:3)
  16 fire dragons
  4 jiangshi
  20 yaktaur captains
  Josephine (Orc:2)
  12 hydras
  14 ogre magi
  A quicksilver dragon skeleton (Crypt:3)
  3 deep elf high priests
  7 rakshasas
  32 vault guards
  Erolcha (Orc:1)
  13 ice dragons
  4 ghost crabs
  7 spriggan air magi
  8 centaur warriors
  4 death knights
  6 tengu warriors
  An orc high priest (Elf:1)
  14 alligators
  21 deep troll earth magi
  7 deep troll shamans
  2 death yaks
  A hell hog (shapeshifter) (Depths:4)
  9 thrashing horrors
  37 dancing weapons
  A hell hog (Hell)
  6 vampire magi
  4 spriggan berserkers
  8 sun demons
  2 iron golems (Hell)
  8 soul eaters
  23 deep elf knights
  A fire crab (Abyss:4)
  A storm dragon zombie (Crypt:1)
  3 titan zombies
  8 wretched stars
  5 iron trolls
  Sonja (Orc:2)
  10 hell knights
  Nergalle (Orc:2)
  38 skeletal warriors
  3 spatial maelstroms
  5 shadow wraiths
  3 sixfirhies
  A death drake (shapeshifter) (Depths:4)
  A fire crab (shapeshifter) (Vaults:3)
  4 unseen horrors
  4 golden dragon zombies
  6 glowing orange brains
  A storm dragon skeleton (Tomb:1)
  42 deep trolls
  12 flayed ghosts
  12 swamp dragons
  2 anaconda zombies
  A death drake (Abyss:4)
  10 wizards
  2 shambling mangroves
  2 iron dragon zombies
  6 hill giants
  An obsidian statue (WizLab)
  A shadow dragon zombie (Crypt:3)
  16 ironbrand convokers
  An anaconda skeleton (Hell)
  24 deep elf archers
  Pikel (D:8)
  12 necromancers
  A wolf spider zombie (Crypt:3)
  34 ugly things
  4 harpies (Vaults:5)
  17 orc knights
  2 stone giant zombies
  9 phantasmal warriors
  20 orb spiders
  52 deep elf magi
  29 wolf spiders
  5 shining eyes
  3 manticores
  An orb spider (shapeshifter) (Vaults:3)
  A mana viper (Abyss:1)
  4 frost giant zombies
  2 shining eyes (shapeshifter)
  2 oklob plants
  13 orc sorcerers
  2 fire giant zombies
  7 worldbinders
  A shock serpent zombie (Crypt:3)
  23 moths of wrath
  An iron dragon skeleton (Crypt:3)
  6 cyclopes
  A moth of wrath (shapeshifter) (Depths:4)
  A dire elephant zombie (Abyss:1)
  2 black mambas
  5 apocalypse crabs
  A black mamba (shapeshifter) (Depths:2)
  13 vault sentinels
  3 orange demons (Hell)
  An ice statue (IceCv)
  The ghost of Torious the Destroyer, a novice DECj of Sif Muna (D:7)
  4 rust devils
  2 fire giant skeletons
  18 spiny frogs
  10 gargoyles
  3 eyes of devastation
  2 naga magi (D:15)
  8 smoke demons
  3 torpor snails
  10 freezing wraiths
  26 large abominations
  4 rime drakes
  A white draconian zombie (Crypt:2)
  2 kobold demonologists (D:14)
  A redback zombie (D:14)
  A yaktaur skeleton (WizLab)
  An efreet (D:15)
  53 yaktaurs
  16 demonic crawlers
  An anaconda simulacrum (Hell)
  A hellion (Hell)
  4 komodo dragons
  A yaktaur (shapeshifter) (Vaults:4)
  A green draconian skeleton (Crypt:2)
  6 hellwings
  15 ancient zymes
  The ghost of wazuzu the Ruffian, an amateur TrMo of Ru (D:4)
  3 ice devils
  4 red devils
  7 tyrant leeches
  34 jumping spiders
  3 tengu conjurers
  3 hydra zombies
  A queen bee (Depths:3)
  18 polar bears
  2 trolls (shapeshifter)
  8 trolls
  14 two-headed ogres
  2 alligator zombies (Hell)
  A harpy zombie (Crypt:2)
  A tengu simulacrum (Depths:1)
  13 raiju (Abyss:4)
  11 blink frogs
  26 hornets
  A fire giant simulacrum (Depths:3)
  10 hippogriffs
  A blink frog (shapeshifter) (D:15)
  2 ice dragon zombies
  131 slime creatures
  A hippogriff (shapeshifter) (Depths:2)
  A spriggan zombie (Depths:2)
  12 bog bodies
  A slime creature (shapeshifter) (Depths:2)
  30 flying skulls
  2 redbacks (shapeshifter)
  An ettin skeleton (Crypt:1)
  A spriggan (shapeshifter) (Vaults:1)
  86 redbacks
  5 ynoxinuls
  21 spriggans
  8 air elementals
  4 shadows
  A wyvern (shapeshifter) (Vaults:2)
  A basilisk (shapeshifter) (Elf:2)
  2 ushabtiu (Tomb:1)
  The ghost of Sagittaire the Ducker, an amateur SpAM (Ossuary)
  27 tarantellas
  A vampire (D:7)
  A wyvern (Lair:4)
  16 water elementals
  21 humans (D:14)
  A hill giant zombie (Crypt:2)
  7 fire elementals
  79 yaks
  4 hungry ghosts
  12 wraiths
  A basilisk (D:14)
  4 hogs (D:14)
  4 fire bats
  2 golden eyes (Slime:2)
  A golden eye (shapeshifter) (D:13)
  5 vampire mosquitoes
  5 neqoxecs
  4 chaos spawn
  A redback simulacrum (D:14)
  9 spatial vortices
  A mottled dragon (D:14)
  15 insubstantial wisps
  4 wargs
  A naga (shapeshifter) (Vaults:3)
  16 swamp worms
  A spiny frog zombie (Crypt:3)
  A torturous demonspawn zombie (Crypt:2)
  10 water moccasins
  A floating eye (shapeshifter) (Vaults:1)
  A soldier ant (D:15)
  4 floating eyes
  6 porcupines
  2 hornet zombies
  3 sky beasts
  3 hell hounds
  9 swamp drakes
  A phantom (D:4)
  An ettin simulacrum (Vaults:1)
  A fire dragon simulacrum (Crypt:1)
  32 starcursed masses
  14 ice beasts
  2 slaves (D:8)
  A spiny frog skeleton (Hell)
  5 black bears
  2 black bears (shapeshifter)
  41 orc warriors
  9 boggarts
  5 necrophages
  A snapping turtle zombie (Hell)
  6 eyes of draining
  44 ogres
  33 wolves
  13 centaurs
  2 elf skeletons
  11 crocodiles
  A snapping turtle skeleton (Crypt:1)
  A rime drake zombie (Crypt:1)
  A swamp dragon skeleton (Crypt:3)
  Blork the orc (D:4)
  10 bullfrogs
  9 big kobolds
  4 earth elementals
  A wyvern zombie (Crypt:1)
  2 human skeletons (Vaults:1)
  A water moccasin zombie (D:12)
  6 scorpions
  10 wights
  25 killer bees
  4 electric eels
  4 lava snakes (Lab)
  3 howler monkeys
  2 bullfrog zombies
  10 crimson imps
  3 centaur zombies
  2 human zombies
  2 quasits
  3 bullfrog skeletons
  9 hounds
  5 jellies
  5 centaur skeletons
  23 orc priests
  14 two-headed ogre zombies (Orc:1)
  5 iron imps
  4 iguanas
  Natasha (thrice) (D:4)
  9 worker ants
  37 orc wizards
  2 killer bee zombies
  A crocodile zombie (Crypt:2)
  A felid skeleton (Crypt:2)
  A big kobold skeleton (Crypt:2)
  A dwarf skeleton (Crypt:1)
  2 hound zombies
  5 mummies
  9 gnolls
  2 worker ant zombies (D:5)
  3 river rats (Sewer)
  13 adders
  7 shadow imps
  2 white imps
  An ufetubus (Abyss:4)
  4 oozes
  An adder zombie (D:6)
  An adder skeleton (D:8)
  8 worms
  4 dart slugs
  2 leopard geckos
  139 orcs
  3 ball pythons (Sewer)
  18 bats
  7 giant cockroaches
  8 goblins
  6 hobgoblins
  11 jackals
  8 quokkas
  A dart slug zombie (Crypt:1)
  6 frilled lizards
  A giant cockroach zombie (D:5)
  A goblin zombie (Ossuary)
  3 hobgoblin zombies (Ossuary)
  24 kobolds
  2 kobold zombies
  A leopard gecko zombie (D:7)
  An orc zombie (Ossuary)
  A quokka zombie (D:8)
  9 rats
  A crawling corpse (Elf:3)
  4 fungi (D:6)
  9 plants (D:10)
  2 starspawn tentacles (Abyss:4)
  4 tentacles
3056 creatures vanquished.

Vanquished Creatures (others)
  the Lernaean hydra (Swamp:4)
  A golden dragon (Vaults:5)
  A tentacled monstrosity (WizLab)
  An acid blob (Slime:5)
  A kraken (Abyss:4)
  Nessos (D:14)
  A black draconian (Zot:4)
  An ettin (Vaults:4)
  A yaktaur captain (Vaults:5)
  3 hydras
  A great orb of eyes (Slime:5)
  A satyr (Abyss:4)
  An ogre mage (Orc:2)
  An alligator (Swamp:4)
  A deep troll shaman (Depths:4)
  A spriggan (Depths:3)
  3 deep elf knights
  A deep troll (Depths:4)
  A kraken simulacrum (Hell)
  A swamp dragon (Swamp:4)
  An ugly thing (D:11)
  2 wolf spiders
  2 moths of wrath
  A yaktaur (Vaults:3)
  2 jumping spiders
  4 polar bears (IceCv)
  2 hornets (Depths:3)
  A slime creature (Slime:2)
  A vampire (D:11)
  Sigmund (D:5)
  2 redbacks
  A water elemental (D:11)
  An air elemental (Elf:1)
  2 tarantellas (Spider:1)
  A neqoxec (Abyss:4)
  A yak (Lair:6)
  An insubstantial wisp (Swamp:4)
  A swamp worm (Swamp:4)
  A warg (Vaults:3)
  A swamp drake (Swamp:4)
  2 wolves (IceCv)
  2 ogres
  A centaur (Depths:1)
  A tengu zombie (Crypt:3)
  3 orcs
  2 briar patches (Swamp:3)
  A bush (Lair:6)
  14 fungi
  2 lurking horrors
  12 plants
  14 starspawn tentacles
  9 tentacles
116 creatures vanquished.

Grand Total: 3172 creatures vanquished

Notes
Turn   | Place    | Note
-------+----------+-------------------------------------------
     0 | D:1      | wazuzu the Troll Monk began the quest for the Orb.
     0 | D:1      | Reached XP level 1. HP: 22/22 MP: 0/0
    73 | D:1      | Reached XP level 2. HP: 28/29 MP: 1/1
   205 | D:1      | Reached skill level 4 in Unarmed Combat
   295 | D:1      | Reached XP level 3. HP: 36/36 MP: 2/2
   628 | D:2      | Found a faded altar of an unknown god.
   948 | D:2      | Found a stormy altar of Qazlal.
   956 | D:2      | Reached XP level 4. HP: 44/44 MP: 3/3
  1003 | D:2      | Found an iron altar of Okawaru.
  1168 | D:2      | Reached skill level 5 in Unarmed Combat
  1322 | D:3      | Found a glowing drain.
  1330 | Sewer    | Entered a sewer
  1419 | Sewer    | Noticed a big kobold
  1431 | Sewer    | Killed a big kobold
  1431 | Sewer    | Reached XP level 5. HP: 37/50 MP: 4/4
  1484 | Sewer    | Reached skill level 6 in Unarmed Combat
  1625 | Sewer    | Reached skill level 7 in Unarmed Combat
  1625 | Sewer    | Reached XP level 6. HP: 59/59 MP: 5/5
  1958 | Sewer    | Reached skill level 8 in Unarmed Combat
  1998 | Sewer    | Reached XP level 7. HP: 56/66 MP: 6/6
  2557 | D:3      | Found a hide-covered altar of Uskayaw.
  3034 | D:4      | Noticed wazuzu's ghost (amateur TrMo)
  3039 | D:4      | Noticed Natasha
  3046 | D:4      | Found a white marble altar of Elyvilon.
  3211 | D:4      | HP: 2/66 [wazuzu's ghost (16)]
  3425 | D:4      | Reached skill level 9 in Unarmed Combat
  3488 | D:4      | Killed Natasha
  3581 | D:4      | Noticed Blork the orc
  3599 | D:4      | Killed Blork the orc
  3619 | D:4      | Reached XP level 8. HP: 71/74 MP: 7/7
  3760 | D:4      | Noticed Natasha
  3791 | D:4      | Killed Natasha
  3805 | D:4      | Noticed Natasha
  3815 | D:4      | Killed Natasha
  3829 | D:4      | Killed wazuzu's ghost
  3829 | D:4      | Reached skill level 10 in Unarmed Combat
  3844 | D:5      | Entered Level 5 of the Dungeon
  3845 | D:5      | Found a staircase to the Ecumenical Temple.
  3869 | Temple   | Entered the Ecumenical Temple
  3935 | Temple   | Became a worshipper of Ru the Awakened
  3947 | Temple   | Gained mutation: You cannot study or use magical devices. [Ru sacrifice]
  3947 | Temple   | Reached * piety under Ru
  3947 | Temple   | Reached ** piety under Ru
  3947 | Temple   | Reached *** piety under Ru
  4244 | D:5      | Reached skill level 11 in Unarmed Combat
  4411 | D:5      | Noticed Sigmund
  4420 | D:5      | Killed Sigmund
  4503 | D:6      | Reached XP level 9. HP: 84/84 MP: 8/8
  4902 | D:6      | Reached skill level 5 in Fighting
  5997 | D:7      | Found Pikkaq's General Store.
  6159 | D:7      | Noticed Torious's ghost (novice DECj)
  6176 | D:7      | Killed Torious's ghost
  6176 | D:7      | Reached skill level 12 in Unarmed Combat
  6670 | D:7      | Reached skill level 1 in Throwing
  7092 | D:8      | Found Mutuf's Armour Emporium.
  7099 | D:8      | Bought a +0 cloak of magic resistance for 161 gold pieces
  7242 | D:8      | Found a sand-covered staircase.
  7250 | Ossuary  | Entered an ossuary
  7254 | Ossuary  | Noticed Sagittaire's ghost (amateur SpAM)
  7258 | Ossuary  | Killed Sagittaire's ghost
  7567 | D:8      | Reached XP level 10. HP: 95/100 MP: 9/9
  8203 | D:8      | Noticed Pikel
  8211 | D:8      | Killed Pikel
  8435 | D:9      | Found a glowing golden altar of the Shining One.
  8437 | D:9      | Found an opulent altar of Gozag.
  8437 | D:9      | Found a burning altar of Makhleb.
  8438 | D:9      | Found a sparkling altar of Nemelex Xobeh.
  8459 | D:9      | Reached skill level 5 in Throwing
  8488 | D:9      | Found a shimmering altar of Xom.
  8760 | D:9      | Found a staircase to the Orcish Mines.
  8818 | D:9      | Got an ancient marble ring
  8819 | D:9      | Identified the ring of Zin's Righteous Anger {rF+ MP+9} (You found it on level 9 of the Dungeon)
  9051 | D:10     | Entered Level 10 of the Dungeon
  9126 | D:10     | Noticed an unseen horror
  9127 | D:10     | Killed an unseen horror
  9283 | D:10     | Noticed an unseen horror
  9297 | D:10     | Killed an unseen horror
  9405 | D:10     | Found a staircase to the Lair.
  9405 | D:10     | Noticed an oklob plant
  9541 | D:10     | Noticed a hill giant
  9543 | D:10     | Noticed a hill giant
  9551 | D:10     | Killed a hill giant
  9551 | D:10     | Reached XP level 11. HP: 60/111 MP: 10/10
  9572 | D:10     | Killed a hill giant
  9822 | D:10     | You fall through a shaft for 2 floors!
  9822 | D:12     | Found a sparkling altar of Nemelex Xobeh.
  9872 | D:12     | Gained mutation: Potions and wands are less effective at restoring your health. [Ru sacrifice]
 10332 | D:11     | Noticed a red ugly thing
 10355 | D:11     | Killed a red ugly thing
 10493 | D:11     | Gained mutation: You have a pair of small antennae on your head. [mutagenic meat]
 10496 | D:11     | Gained mutation: You are robust. (+10% HP) [mutagenic meat]
 10499 | D:11     | Gained mutation: You are covered in thick fur. (AC +2) [mutagenic meat]
 10744 | D:10     | Noticed a hill giant
 10750 | D:10     | Killed a hill giant
 10990 | D:10     | Found a portal to a secret trove of treasure.
 11130 | D:10     | Killed an oklob plant
 11130 | D:10     | Reached skill level 10 in Throwing
 11264 | Lair:1   | Entered Level 1 of the Lair of Beasts
 11282 | Lair:1   | Found a labyrinth entrance.
 11291 | Lab      | Entered a labyrinth
 11883 | Lab      | Reached XP level 12. HP: 58/136 MP: 11/11
 12176 | Lab      | Noticed a minotaur
 12186 | Lab      | Killed a minotaur
 12285 | Lab      | Got a fine bronze ring
 12399 | Lair:1   | Gained mutation: You cannot study or cast Ice magic. [Ru sacrifice]
 12399 | Lair:1   | Gained mutation: You cannot study or cast Necromancy magic. [Ru sacrifice]
 12399 | Lair:1   | Gained mutation: You cannot study or cast Translocations magic. [Ru sacrifice]
 12399 | Lair:1   | Reached **** piety under Ru
 12562 | Lair:1   | Noticed Gastronok
 12573 | Lair:1   | Killed Gastronok
 12573 | Lair:1   | Reached skill level 10 in Fighting
 12573 | Lair:1   | Reached skill level 5 in Dodging
 13243 | Lair:2   | Found a frozen archway.
 13310 | IceCv    | Entered an ice cave
 13789 | IceCv    | Got a heavily runed lapis lazuli ring
 13791 | IceCv    | Identified the ring "Nuirialo" {+Fly rC++ MP-9 Slay+2 Stlth-} (You found it in a labyrinth)
 13854 | IceCv    | Identified the ring "Qeqiavuciwk" {rPois rC+ Dex+5 Stlth-} (You found it in an ice cave)
 14177 | IceCv    | Noticed a death yak
 14183 | IceCv    | Reached skill level 13 in Unarmed Combat
 14201 | IceCv    | Killed a death yak
 14201 | IceCv    | Reached XP level 13. HP: 97/148 MP: 3/12
 14299 | IceCv    | Gained mutation: You are slightly vulnerable to magic. (MR-) [Ru sacrifice]
 14299 | IceCv    | Reached ***** piety under Ru
 14328 | IceCv    | Noticed a white draconian
 14344 | IceCv    | Killed a white draconian
 15209 | Lair:2   | Found a hole to the Spider Nest.
 15767 | Lair:3   | Identified the Disquisition on Congealing Evil
 16153 | Lair:3   | Gained mutation: You have somewhat slow reflexes. (EV -3) [Ru sacrifice]
 16153 | Lair:3   | Reached ****** piety under Ru
 16290 | Lair:3   | Found a staircase to the Swamp.
 16634 | Lair:4   | Found a shadowy altar of Dithmenos.
 16743 | Lair:4   | Reached skill level 14 in Unarmed Combat
 17946 | Lair:6   | Entered Level 6 of the Lair of Beasts
 18030 | Lair:6   | Noticed Rupert
 18048 | Lair:6   | Killed Rupert
 18558 | Lair:6   | Found a staircase to the Slime Pits.
 18574 | Lair:6   | Found a viscous altar of Jiyva.
 18725 | Lair:6   | Reached XP level 14. HP: 113/158 MP: 13/13
 18744 | Lair:6   | Reached skill level 10 in Dodging
 19013 | Lair:6   | Reached skill level 15 in Unarmed Combat
 20078 | D:7      | Bought a scroll of acquirement for 728 gold pieces
 20124 | Orc:1    | Entered Level 1 of the Orcish Mines
 20170 | Orc:1    | Reached skill level 1 in Shields
 20385 | Orc:2    | Entered Level 2 of the Orcish Mines
 20385 | Orc:2    | Noticed Josephine
 20393 | Orc:2    | Killed Josephine
 20599 | Orc:1    | Found Morememp's Antique Weapon Shoppe.
 20929 | Orc:1    | Noticed Erolcha
 20955 | Orc:1    | Killed Erolcha
 21346 | Orc:2    | Noticed Sonja
 21358 | Orc:2    | Killed Sonja
 21362 | Orc:2    | Reached skill level 5 in Shields
 21405 | Orc:2    | Found a staircase to the Elven Halls.
 21600 | Orc:2    | Noticed Donald
 21644 | Orc:2    | Killed Donald
 21734 | Orc:2    | Found Ygixtueth's Magic Scroll Shoppe.
 21744 | Orc:2    | Noticed Nergalle
 21746 | Orc:2    | Found an ancient bone altar of Kikubaaqudgha.
 21754 | Orc:2    | Killed Nergalle
 21773 | Orc:2    | Found Ezatoe's Magic Scroll Shoppe.
 21786 | Orc:2    | Paralysed by an orc sorcerer for 2 turns
 21810 | Orc:2    | Paralysed by an orc sorcerer for 5 turns
 21871 | Orc:2    | Paralysed by an orc sorcerer for 7 turns
 22017 | Orc:2    | Bought a scroll of enchant armour for 82 gold pieces
 22017 | Orc:2    | Bought a scroll of identify for 22 gold pieces
 22039 | Orc:2    | Found a roughly hewn altar of Beogh.
 22039 | Orc:2    | Found Gint's Antique Weapon Emporium.
 22040 | Orc:2    | Found Mahiomn's Gadget Shoppe.
 22081 | Orc:2    | Bought a scroll of fear for 42 gold pieces
 22081 | Orc:2    | Bought a scroll of magic mapping for 42 gold pieces
 22081 | Orc:2    | Bought a scroll of identify for 24 gold pieces
 22081 | Orc:2    | Bought a scroll of identify for 24 gold pieces
 22081 | Orc:2    | Bought a scroll of summoning for 114 gold pieces
 22081 | Orc:2    | Bought a scroll of identify for 24 gold pieces
 22081 | Orc:2    | Bought a scroll of teleportation for 36 gold pieces
 22081 | Orc:2    | Bought a scroll of identify for 24 gold pieces
 22107 | Orc:2    | Found a radiant altar of Vehumet.
 22255 | Orc:2    | Lost mutation: You are robust. (+10% HP) [potion of mutation]
 22255 | Orc:2    | Gained mutation: You are partially covered in rugged brown scales. (AC +1, +3% HP) [potion of mutation]
 22255 | Orc:2    | Gained mutation: You are weak. (Str -2) [potion of mutation]
 22256 | Orc:2    | Gained mutation: You are partially covered in molten scales. (AC +2) [potion of mutation]
 22256 | Orc:2    | Gained mutation: You passively map a small area around you. [potion of mutation]
 22257 | Orc:2    | Gained mutation: You have sharp toenails. [potion of mutation]
 22257 | Orc:2    | Lost mutation: You are weak. (Str -2) [potion of mutation]
 22257 | Orc:2    | Gained mutation: Your mind is acute. (Int +2) [potion of mutation]
 22527 | D:11     | Reached XP level 15. HP: 146/154 MP: 14/14
 23711 | D:13     | Noticed Snorg
 23723 | D:13     | Killed Snorg
 24333 | D:14     | Found a basalt altar of Yredelemnul.
 24333 | D:14     | Noticed Nessos
 24366 | D:14     | Killed Nessos
 24540 | D:14     | Noticed Kirke
 24544 | D:14     | Reached skill level 1 in Armour
 24550 | D:14     | Killed Kirke
 24807 | D:14     | Found a gate to the Vaults.
 25018 | D:15     | Entered Level 15 of the Dungeon
 25266 | D:15     | Reached skill level 5 in Armour
 25634 | D:15     | Found a staircase to the Depths.
 26347 | Swamp:1  | Entered Level 1 of the Swamp
 27137 | Swamp:2  | Reached XP level 16. HP: 163/163 MP: 15/15
 27781 | Swamp:3  | Noticed a thorn hunter
 27806 | Swamp:3  | Killed a thorn hunter
 27944 | Swamp:3  | Noticed Aizul
 27971 | Swamp:3  | Killed Aizul
 28723 | Swamp:3  | Upgraded the game from 0.19-a0-1895-g783e625 to 0.19-a0-1899-g2d93087
 28774 | Swamp:4  | Entered Level 4 of the Swamp
 28852 | Swamp:4  | Reached skill level 10 in Armour
 29116 | Swamp:4  | Reached skill level 16 in Unarmed Combat
 29153 | Swamp:4  | Paralysed by a hornet for 2 turns
 29424 | Swamp:4  | Noticed Jorgrun
 29459 | Swamp:4  | Killed Jorgrun
 29706 | Swamp:4  | Reached skill level 17 in Unarmed Combat
 29707 | Swamp:4  | Noticed the 27-headed Lernaean hydra
 29860 | Swamp:4  | Killed the 27-headed Lernaean hydra
 30052 | Swamp:4  | Got a decaying rune of Zot
 30554 | Elf:1    | Entered Level 1 of the Elven Halls
 30648 | Elf:1    | Found Ferevvedgh's Book Boutique.
 31352 | Elf:1    | Reached skill level 18 in Unarmed Combat
 31352 | Elf:1    | Reached XP level 17. HP: 163/172 MP: 16/16
 31735 | Elf:1    | Got a crude shield
 31761 | Elf:1    | Identified the +1 shield of the Nightingale {MR- Str+6 Stlth+} (You found it on level 1 of the Elven Halls)
 31956 | Elf:2    | Found a magical portal.
 32003 | WizLab   | Entered The Roulette of Golubria
 32005 | WizLab   | Found a corrupted altar of Lugonu.
 32291 | WizLab   | Found a corrupted altar of Lugonu.
 32456 | WizLab   | Found a corrupted altar of Lugonu.
 32727 | WizLab   | Identified the Volume of Displacement
 32773 | WizLab   | Reached skill level 19 in Unarmed Combat
 32957 | WizLab   | Noticed a tentacled monstrosity
 32974 | WizLab   | Killed a tentacled monstrosity
 33151 | WizLab   | Got a steaming cloak
 33172 | WizLab   | Identified the +2 cloak of Music {rPois rC++ rN+} (You found it in a wizard's laboratory)
 33694 | Elf:2    | Found a runed gate.
 33694 | Elf:2    | Found a runed gate.
 33695 | Elf:2    | Found a runed gate.
 33732 | Elf:2    | Found a deep blue altar of Sif Muna.
 33757 | Elf:2    | Reached skill level 20 in Unarmed Combat
 33823 | Elf:2    | Noticed a deep elf blademaster
 33839 | Elf:2    | Killed a deep elf blademaster
 34082 | Elf:2    | Noticed Sagittaire's ghost (adept HaWr)
 34276 | Elf:2    | Killed Sagittaire's ghost
 34456 | Elf:2    | Reached XP level 18. HP: 181/181 MP: 17/17
 35155 | Spider:1 | Entered Level 1 of the Spider Nest
 35433 | Spider:1 | Reached skill level 21 in Unarmed Combat
 35705 | Spider:1 | Noticed Louise
 35779 | Spider:1 | Killed Louise
 36216 | Spider:1 | Gained mutation: You are agile. (Dex +2) [potion of beneficial mutation]
 37262 | Spider:3 | Reached skill level 22 in Unarmed Combat
 37599 | Spider:3 | Gained mutation: Your muscles are strong. (Str +2) [potion of beneficial mutation]
 38090 | Spider:4 | Entered Level 4 of the Spider Nest
 38961 | Spider:4 | Reached XP level 19. HP: 165/192 MP: 0/18
 39351 | Spider:4 | Got a gossamer rune of Zot
 39823 | Vaults:1 | Entered Level 1 of the Vaults
 41648 | Vaults:2 | Noticed a Tzitzimitl
 41933 | Vaults:2 | Found a staircase to the Crypt.
 41946 | Vaults:2 | Found Waytopn's Jewellery Emporium.
 42230 | Vaults:2 | Reached XP level 20. HP: 72/208 MP: 19/19
 43253 | Vaults:3 | Found Raufajy's Antique Weapon Shop.
 43806 | Vaults:3 | Found Heosoem's Assorted Antiques.
 44065 | D:10     | You paid a toll of a +3 fire dragon scales to enter a treasure trove
 44066 | Trove    | Entered a treasure trove
 44085 | Trove    | Got a crude bone ring
 44099 | Trove    | Identified the ring "Mutumol" {Wiz rPois rC+ rN+} (You found it in a treasure trove)
 44505 | Vaults:3 | Reached skill level 10 in Shields
 44801 | Vaults:3 | Found Daply's Food Emporium.
 44802 | Vaults:3 | Found Kezydib's Food Emporium.
 45243 | Vaults:4 | Found a flickering gateway to a bazaar.
 45266 | Bazaar   | Entered a bazaar
 45266 | Bazaar   | Found Sanevium's Antique Weapon Shop.
 45266 | Bazaar   | Found Guus's Antique Armour Shop.
 45294 | Bazaar   | Found Buuleq's General Store.
 45344 | Bazaar   | Bought a glowing large shield for 283 gold pieces
 45595 | Vaults:4 | Paralysed by a sphinx for 7 turns
 45813 | Vaults:4 | Noticed Mara
 45821 | Vaults:4 | Noticed wazuzu's illusion
 46070 | Vaults:4 | Killed Mara
 46394 | Vaults:5 | Entered Level 5 of the Vaults
 46424 | Vaults:5 | Reached XP level 21. HP: 191/221 MP: 20/20
 46476 | Vaults:5 | Noticed a golden dragon
 46498 | Vaults:4 | Killed a golden dragon
 46500 | Vaults:4 | Reached skill level 15 in Fighting
 47189 | Vaults:5 | Reached skill level 15 in Dodging
 47450 | Vaults:5 | Got a silver rune of Zot
 47465 | Vaults:5 | Noticed a golden dragon
 48274 | Vaults:5 | Reached XP level 22. HP: 236/238 MP: 21/21
 48357 | Vaults:5 | Killed a golden dragon
 48540 | Vaults:5 | Got a translucent amber ring
 48743 | Vaults:5 | Got a vibrating lead ring
 48851 | Vaults:5 | Found Eraleiq's Food Shop.
 49649 | Elf:3    | Entered Level 3 of the Elven Halls
 49813 | Elf:3    | Noticed Asterion
 49825 | Elf:3    | Killed Asterion
 50027 | Elf:3    | Reached skill level 23 in Unarmed Combat
 50178 | Elf:3    | Identified the ring "Vegh" {Wiz +Fly Str+2 Dex-3} (You took it off a vault warden on level 5 of the Vaults)
 50179 | Elf:3    | Identified the ring of Pyromania {rCorr rElec rC+} (You took it off a yaktaur captain on level 5 of the Vaults)
 50219 | Elf:3    | Got a pitted bone ring
 50934 | Crypt:1  | Entered Level 1 of the Crypt
 50982 | Crypt:1  | Identified the ring of Watyhesm {rCorr rPois MR+++ Int-5 Dex-3} (You took it off a deep elf demonologist on level 3 of the Elven Halls)
 51581 | Crypt:1  | Reached XP level 23. HP: 136/251 MP: 22/22
 52256 | Crypt:2  | Reached skill level 24 in Unarmed Combat
 53036 | Crypt:3  | Entered Level 3 of the Crypt
 53581 | Crypt:3  | Found a basalt altar of Yredelemnul.
 53581 | Crypt:3  | Noticed an ancient lich
 53593 | Crypt:3  | Killed an ancient lich
 53927 | Crypt:3  | Reached skill level 25 in Unarmed Combat
 53989 | Crypt:3  | Paralysed by something for 5 turns
 53993 | Crypt:3  | Noticed Xtahua
 54012 | Crypt:3  | Killed Xtahua
 54097 | Crypt:3  | Found a staircase to the Tomb.
 54792 | Depths:1 | Entered Level 1 of the Depths
 55338 | Depths:1 | Found a gateway to Hell.
 55747 | Depths:1 | Reached XP level 24. HP: 260/260 MP: 22/22
 55957 | Depths:2 | Reached skill level 26 in Unarmed Combat
 56074 | Depths:2 | Noticed Bai Suzhen
 56083 | Depths:2 | Killed Bai Suzhen
 56404 | Depths:2 | Identified Eptyapan's Catalogue of Unholy Arts
 56620 | Depths:2 | Gained mutation: You expend magic power (3 MP) to strengthen your wands. [a shining eye]
 57067 | Depths:2 | Found a gateway to a ziggurat.
 57405 | Depths:3 | Reached skill level 27 in Unarmed Combat
 57564 | Depths:3 | Found a runed door.
 57722 | Depths:3 | Got a scintillating ruby amulet
 57768 | Depths:3 | Paralysed by something for 2 turns
 58076 | Depths:3 | Noticed Frederick
 58300 | Depths:3 | Killed Frederick
 58373 | Depths:3 | Got a clouded platinum ring
 58471 | Depths:3 | Noticed a juggernaut
 58495 | Depths:3 | Killed a juggernaut
 58499 | Depths:3 | Reached XP level 25. HP: 183/270 MP: 22/22
 59264 | Depths:3 | Paralysed by a floating eye for 3 turns
 59303 | Depths:3 | Found a one-way gate leading to the halls of Pandemonium.
 59560 | Depths:4 | Identified the amulet of Nihalana {Reflect rPois MR- Dex+8 SH+5} (You took it off a spriggan defender on level 3 of the Depths)
 59561 | Depths:4 | Identified the ring "Sodieshro" {*Tele rC++ Str+4} (You took it off a deep elf death mage on level 3 of the Depths)
 60031 | Depths:4 | Found a one-way gate to the infinite horrors of the Abyss.
 61045 | Depths:5 | Entered Level 5 of the Depths
 61086 | Depths:5 | Reached skill level 15 in Armour
 61256 | Depths:5 | Got a smoking shield
 61257 | Depths:5 | Identified the +0 shield "Rapux" {rF+ Regen+ Str+3} (You found it on level 5 of the Depths)
 61324 | Depths:5 | Found Viamnegu's Antique Armour Shop.
 61379 | Depths:5 | Found a gate to the Realm of Zot.
 61499 | Depths:5 | Found a glowing golden altar of the Shining One.
 61952 | Depths:5 | Noticed psellion's ghost (legendary FoHu)
 61973 | Depths:5 | Killed psellion's ghost
 61973 | Depths:5 | Reached XP level 26. HP: 209/281 MP: 22/22
 62256 | Depths:4 | Voluntarily entered the Abyss.
 62268 | Abyss:1  | Found a corrupted altar of Lugonu.
 62416 | Abyss:1  | Gained mutation: You tend to lose your temper in combat. [a neqoxec]
 62611 | Abyss:1  | Lost intelligence.
 63157 | Abyss:1  | Found a corrupted altar of Lugonu.
 63206 | Abyss:2  | Found a corrupted altar of Lugonu.
 63234 | Abyss:3  | Found a corrupted altar of Lugonu.
 63314 | Abyss:3  | Found a corrupted altar of Lugonu.
 63335 | Abyss:3  | Found a corrupted altar of Lugonu.
 63522 | Abyss:4  | Found a corrupted altar of Lugonu.
 63911 | Abyss:4  | Paralysed by a hornet for 3 turns
 63986 | Abyss:4  | Lost intelligence.
 63989 | Abyss:4  | Lost mutation: Your muscles are strong. (Str +2) [a neqoxec]
 64137 | Abyss:4  | Found a corrupted altar of Lugonu.
 64173 | Depths:4 | Escaped the Abyss
 64352 | Depths:4 | Lost intelligence.
 64690 | Slime:1  | Entered Level 1 of the Pits of Slime
 64692 | Slime:1  | Gained mutation: Your mind is very acute. (Int +4) [a shining eye]
 64694 | Slime:1  | Gained mutation: Your body sometimes deteriorates upon taking damage. [a shining eye]
 65277 | Slime:5  | Entered Level 5 of the Pits of Slime
 65475 | Slime:5  | Reached XP level 27. HP: 292/292 MP: 22/22
 65548 | Slime:4  | Gained mutation: Your body often deteriorates upon taking damage. [a shining eye]
 65559 | Slime:4  | Gained mutation: Your magical capacity is low. (-10% MP) [a shining eye]
 65702 | Slime:5  | Found a viscous altar of Jiyva.
 65811 | Slime:5  | Paralysed by a floating eye for 4 turns
 65861 | Slime:5  | Noticed the Royal Jelly
 65877 | Slime:5  | Killed the Royal Jelly
 65913 | Slime:5  | Got a slimy rune of Zot
 65980 | Slime:5  | Got a slimy copper ring
 65989 | Slime:5  | Identified the ring of Kindness {+Inv rC+ rN+ Stlth+} (You found it on level 5 of the Pits of Slime)
 66182 | Spider:1 | Lost mutation: You passively map a small area around you. [potion of mutation]
 66183 | Spider:1 | Gained mutation: Your magical capacity is very low. (-20% MP) [potion of mutation]
 66474 | Vaults:1 | Lost mutation: You are partially covered in molten scales. (AC +2) [potion of mutation]
 66475 | Vaults:1 | Lost mutation: You have sharp toenails. [potion of cure mutation]
 66475 | Vaults:1 | Lost mutation: You tend to lose your temper in combat. [potion of cure mutation]
 66475 | Vaults:1 | Lost mutation: Your mind is very acute. (Int +4) [potion of cure mutation]
 66475 | Vaults:1 | Lost mutation: Your mind is acute. (Int +2) [potion of cure mutation]
 66476 | Vaults:1 | Lost mutation: Your body often deteriorates upon taking damage. [potion of cure mutation]
 66476 | Vaults:1 | Lost mutation: You expend magic power (3 MP) to strengthen your wands. [potion of cure mutation]
 66476 | Vaults:1 | Lost mutation: Your magical capacity is very low. (-20% MP) [potion of cure mutation]
 66476 | Vaults:1 | Lost mutation: You have a pair of small antennae on your head. [potion of cure mutation]
 66477 | Vaults:1 | Lost mutation: You are agile. (Dex +2) [potion of cure mutation]
 66477 | Vaults:1 | Lost mutation: Your magical capacity is low. (-10% MP) [potion of cure mutation]
 66477 | Vaults:1 | Lost mutation: You are partially covered in rugged brown scales. (AC +1, +3% HP) [potion of cure mutation]
 66827 | Zot:1    | Entered Level 1 of the Realm of Zot
 68183 | Zot:2    | Got a crude brass ring
 68484 | Zot:3    | Noticed an orb of fire
 68506 | Zot:3    | Killed an orb of fire
 68855 | Zot:3    | Noticed an orb of fire
 68869 | Zot:3    | Killed an orb of fire
 69512 | Zot:4    | Got a ripped robe
 69513 | Zot:4    | Identified the ring of Faoc Qio {rF+ Int+4 Dex+3} (You found it on level 2 of the Realm of Zot)
 69514 | Zot:4    | Identified the +1 robe of Anabebe {rElec rF+++ rC+} (You acquired it on level 4 of the Realm of Zot)
 70258 | Hell     | Entered the Vestibule of Hell
 70258 | Hell     | Noticed Geryon
 70265 | Hell     | Gained mutation: Your body often deteriorates upon taking damage. [a cacodemon]
 70276 | Hell     | Killed Geryon
 70648 | Hell     | Found a gateway to the decaying netherworld of Tartarus.
 70712 | Hell     | Gained mutation: You are frail. (-10% HP) [a cacodemon]
 70813 | Hell     | Found a gateway to the ashen valley of Gehenna.
 70865 | Hell     | Found a gateway to the Iron City of Dis.
 70982 | Hell     | Found a gateway to the freezing wastes of Cocytus.
 71518 | Tomb:1   | Entered Level 1 of the Tomb of the Ancients
 71640 | Tomb:1   | Paralysed by a sphinx for 4 turns
 71647 | Tomb:1   | Paralysed by a sphinx for 4 turns
 71658 | Tomb:1   | Paralysed by a sphinx for 2 turns
 71661 | Tomb:1   | Noticed a greater mummy
 71673 | Tomb:1   | Killed by a guardian mummy's death curse

Vault maps used:
D:1:      mrwooster_arrival_statue_2
D:2:      lemuel_round_altar, kennysheep_okawaru_gauntlet, ecumenical_altar_1
D:3:      nicolae_overflow_hidden_temple, lightli_sewer_entry_pipes
D:4:      overflow_temple_1_default, serial_aquarium, aquarium_bridge_square,
          aquarium_bridge_straight, aquarium_window_1, aquarium_window_3,
          aquarium_window_fake, aquarium_view_2c, aquarium_pool_corner,
          uniq_blork_the_orc, uniq_natasha
D:5:      first_bread, uniq_sigmund
D:6:      old_forge, interstate_on_off, minmay_misc_feat_iff, st_stairs_14,
          grunt_ministairs_7, kennysheep_generic_room_7
D:7:      serial_shops, shop_statue
D:8:      serial_shops, shop_statue, lightli_ossuary_entry_decrepit_ruins,
          special_room, uniq_pikel
D:9:      old_standard_altar, chequers_temple_overflow_statue_of_worship,
          hiddenorc2_lemuel
D:10:     dpeg_oklobed_lair, nicolae_trove_entry_columns
D:11:     argonaut_augean_stables
D:12:     basic_altar, special_room
D:13:     uniq_snorg
D:14:     grunt_vaults_entry_tiered, yredelemnul_altar_generic, uniq_kirke,
          uniq_nessos
D:15:     grunt_enter_depths_magical_seal, minivault_19
Temple:   nicolae_temple_hex_pool
Lair:1:   nicolae_volcano_entry_batcave, lab_entry_generic,
          grunt_forest_large_clearings, uniq_gastronok
Lair:2:   nicolae_spider_entry_tight_spaces, portal_ice_cave_entry_ice_beasts
Lair:3:   nicolae_swamp_entry_splash_gauntlet
Lair:4:   basic_altar
Lair:5:   gammafunk_lair_bear_cave, minmay_hedge_maze, serial_bayou_shore_b
Lair:6:   minmay_lair_end_enchanted_forest, slime_altar_1,
          bh_autumn_forest_stairs, uniq_rupert
Swamp:1:  nicolae_swamp_fairy_circle, swamp_pool2
Swamp:2:  evilmike_swamp_ruin_house_5
Swamp:3:  nicolae_swamp_orc_logging_accident, infiniplex_staircase_pool,
          uniq_aizul
Swamp:4:  swamp_old_school, swamp_pool4, uniq_jorgrun
Spider:1: spider_trap, uniq_louise
Spider:4: spider_rune_water
Orc:1:    lemuel_ogre_cave, serial_shops, shop
Orc:2:    kennysheep_orc_mage_school, uniq_josephine, uniq_donald, uniq_sonja
Elf:1:    serial_shops, nicolae_shop_waterfront, evilmike_minifort
Elf:2:    mu_enter_wizlab_1, lemuel_blue_sif_altar
Elf:3:    minmay_elf_hall_dome, uniq_asterion
Vaults:1: v_misc_27, vaults_mumra_chevron_long, vaults_room_octagon,
          vaults_room_hallway, v_misc_10, v_rooms_5, v_misc_15,
          grunt_vaults_diagonal, nicolae_vaults_yaktaur_gun_rack,
          nicolae_vaults_little_squares_5
Vaults:2: nicolae_vaults_network_star, v_alt_pattern_3,
          nicolae_vaults_network_periphery, minmay_crypt_entry_simple_box,
          v_misc_29, ontoclasm_vaults_tryst, vaults_mumra_minichess_inversion,
          serial_shops, shop
Vaults:3: hangedman_vaults_nodes, vaults_room_pool,
          nicolae_vaults_little_squares_4, vaults_mumra_hex, v_misc_17,
          vaults_standard_mumra_enter_the_diamond, v_misc_27,
          grunt_vaults_swirl, vaults_mumra_chevron, v_misc_29,
          nicolae_vaults_shelves_hall, v_misc_13,
          hangedman_vaults_stretched_pinwheel, nicolae_vaults_hallways_thing,
          serial_shops, shop, shop_statue, shop, shop
Vaults:4: nicolae_vaults_theta, vaults_dpeg_doors, v_alt_pattern_3,
          vaults_dpeg_encased_lava, nicolae_vaults_mini_display_case,
          nicolae_vaults_angled_halls, v_pattern_3, serial_shops,
          bzr_entry_water, uniq_mara
Crypt:1:  st_stairs_7, grunt_crypt_arrival_webbed
Crypt:2:  serial_sigils_hangedman_gnaw
Crypt:3:  cryptofortress_bobbens, uniq_xtahua
Depths:1: hell_entry, minmay_misc_feat_pillars, minmay_misc_feat_plants,
          kennysheep_just_a_vault, serial_bayou_shore_a
Depths:2: kennysheep_ambush_hall, enter_ziggurat_c, pf_dread_powers_of_hell,
          serial_glass, glass_columns_c, glass_columns_c, glass_columns_a,
          glass_columns_c, glass_columns_a, glass_columns_a, glass_columns_c,
          glass_columns_a, glass_columns_b, glass_columns_a, special_room,
          minmay_misc_feat_encased, uniq_bai_suzhen
Depths:3: box_level_dp, hell_entry, pan_entry, uniq_frederick
Depths:4: cell_vault, hangedman_decor_slide_cut, hell_entry, abyss_entry,
          minmay_misc_feat_rows
Depths:5: grunt_x_marks_the_spot, serial_shops, shop_fountains,
          hangedman_coc_ice_floe, tso_metal_star, corexii_leaking_fountain,
          st_stairs_9, dk_noncrumbling_2
Zot:1:    kennysheep_spiral_hall, zot_minivault_1
Zot:2:    grunt_megastairs_3
Zot:4:    grunt_megastairs_2, basic_stair_grate_trap
Abyss:4:  evilmike_abyss_exit_9, grunt_abyss_rune_wretched_hive
Lab:      labyrinth_mini_lab, nicolae_lab_arrow, nicolae_lab_t_cross,
          nicolae_lab_very_dead_end, labyrinth_lava_lair, nicolae_lab_swirl,
          lab_statue
Bazaar:   bazaar_jpeg_cross
Trove:    trove_simple
Sewer:    sewer_co_tree
Ossuary:  ossuary_crypta
IceCv:    ice_cave_caverns_02
WizLab:   wizlab_golubria

Skill      XL: |  1  2  3  4  5  6  7  8  9 10 11 12 13 14 15 16 17 18 19 20 21 22 23 24 25 26 27 |
---------------+----------------------------------------------------------------------------------+-----
Unarmed Combat | 4 5 7 8 9 11 12 13 14 15 18 20 22 23 25 27 | 27.0
Fighting       | 4 6 7 9 10 11 13 14 16 17 18 22 | 22.8
Throwing       | 3 7 10 | 10.0
Dodging        | 3 7 9 10 11 13 14 15 16 | 16.1
Shields        | 7 9 10 | 10.7
Armour         | 8 10 11 16 19 | 19.0
Stealth        | |  1.0

Action                   |  1- 3 |  4- 6 |  7- 9 | 10-12 | 13-15 | 16-18 | 19-21 | 22-24 | 25-27 || total
-------------------------+-------+-------+-------+-------+-------+-------+-------+-------+-------++-------
Melee: Unarmed           |    86 |   130 |   369 |   767 |  1497 |  1825 |  1478 |  1920 |  2259 || 10331
       Punch             |     2 |     3 |    12 |    48 |    49 |       |       |       |       ||   114
       Kick              |       |       |       |       |   311 |   814 |   810 |  1071 |   805 ||  3811
Throw: Javelin           |       |       |       |     7 |     7 |       |       |       |       ||    14
       Large rock        |       |       |       |     6 |    23 |    42 |       |       |       ||    71
       Stone             |       |       |       |       |    12 |       |       |       |       ||    12
Invok: Sacrifice Artific |       |       |     1 |       |       |       |       |       |       ||     1
       Reject Sacrifices |       |       |     1 |       |       |       |       |       |       ||     1
       Draw Out Power    |       |       |       |     6 |     6 |     4 |     3 |       |     2 ||    21
       Sacrifice Purity  |       |       |       |     1 |       |       |       |       |       ||     1
       Power Leap        |       |       |       |     1 |     5 |     2 |       |       |       ||     8
       Sacrifice Arcana  |       |       |       |     1 |       |       |       |       |       ||     1
       Sacrifice Essence |       |       |       |       |     1 |       |       |       |       ||     1
       Sacrifice Health  |       |       |       |       |     1 |       |       |       |       ||     1
       Apocalypse        |       |       |       |       |     6 |     3 |    11 |     6 |     4 ||    30
  Use: Scroll            |       |     1 |    13 |    19 |    10 |     9 |    18 |     8 |    16 ||    94
       Potion            |       |       |     3 |     3 |    10 |     9 |     3 |     6 |    12 ||    46
 Stab: Sleeping          |     1 |     1 |    18 |     7 |       |       |       |       |       ||    27
       Invisible         |       |       |       |    11 |    30 |    27 |    13 |    14 |    14 ||   109
       Distracted        |       |       |       |     1 |     8 |     5 |     6 |     8 |    17 ||    45
       Paralysed         |       |       |       |       |    22 |    11 |    36 |    17 |    20 ||   106
       Confused          |       |       |       |       |       |     3 |       |       |       ||     3
  Eat: Chunk             |    14 |    11 |    45 |    79 |   109 |    89 |    84 |    81 |    73 ||   585
       Fruit             |       |       |       |     1 |     1 |       |       |       |       ||     2
       Meat ration       |       |       |       |     1 |       |       |       |       |     1 ||     2
       Bread ration      |       |       |       |       |     1 |     5 |       |     2 |     8 ||    16
       Pizza             |       |       |       |       |       |     3 |       |       |     1 ||     4
Armor: Robe              |    42 |    20 |    73 |   162 |   299 |       |       |       |       ||   596
       Skin              |       |       |       |    27 |       |       |       |       |       ||    27
       Troll leather arm |       |       |       |       |    63 |    38 |       |       |       ||   101
       Mottled dragon sc |       |       |       |       |    50 |       |       |       |       ||    50
       Swamp dragon scal |       |       |       |       |       |   646 |   291 |   188 |       ||  1125
       Fire dragon scale |       |       |       |       |       |       |       |   185 |    64 ||   249
       Gold dragon scale |       |       |       |       |       |       |       |       |   635 ||   635
Dodge: Dodged            |    58 |    45 |   126 |   318 |   642 |   697 |   466 |   648 |   531 ||  3531
Block: Shield            |       |       |       |       |   486 |   929 |   724 |   812 |  1133 ||  4084
       Reflection        |       |       |       |       |       |       |       |       |    33 ||    33
